| TOP OF THE 1ST |
|
University of North Carolina at Chapel Hill Tar Heels batting - Pitching for Fresno State University Bulldogs : RHP Dave Heck
|
|
Pitching: RHP Dave Heck
|
|
|
Batting: LHB Juan Alvarado
|
0-0: Foul Ball, location: 2F 0-1: Foul Ball, location: 2F 0-2: Ball 1-2: Ball 2-2: Ball 3-2: Ground out 6-3 (Groundball, 6M, EV 106.2 MPH)
|
|
Batting: LHB Chris Robertson
|
0-0: Called Strike 0-1: Ball 1-1: Foul Ball, location: 2F 1-2: Ground out 4-3 (Groundball, 4, EV 100.6 MPH)
|
|
Batting: RHB Michael Houseman
|
0-0: Called Strike 0-1: Ball 1-1: Swinging Strike 1-2: Foul Ball, location: 2F 1-2: Foul Ball, location: 2F 1-2: Strikes out swinging
|
| Top of the 1st over - 0 runs, 0 hits, 0 errors, 0 left on base; University of North Carolina at Chapel Hill 0 - Fresno State University 0 |
| BOTTOM OF THE 1ST |
|
Fresno State University Bulldogs batting - Pitching for University of North Carolina at Chapel Hill Tar Heels : LHP Fiorello Turrini
|
|
Pitching: LHP Fiorello Turrini
|
|
|
Batting: LHB Moktar Ame
|
0-0: Ball 1-0: Ball 2-0: Called Strike 2-1: Ball 3-1: Fly out, F9 (Flyball, 9D, EV 91.9 MPH)
|
|
Batting: RHB Sandy Munoz
|
0-0: Ball 1-0: Ground out U3 (Groundball, 3, EV 100.6 MPH)
|
|
Batting: SHB Carlton Stannard
|
0-0: Foul Ball, location: 2F 0-1: Ball 1-1: Called Strike 1-2: SINGLE (Groundball, 34D, EV 96.2 MPH)
|
|
Batting: RHB Danilo Baldia
|
0-0: SINGLE (Line Drive, 4MD, EV 99.4 MPH) Carlton Stannard to second
|
|
Batting: LHB Ollie Strauss
|
0-0: Ball 1-0: Ball 2-0: Ground out 4-3 (Groundball, 34D, EV 100.0 MPH)
|
| Bottom of the 1st over - 0 runs, 2 hits, 0 errors, 2 left on base; University of North Carolina at Chapel Hill 0 - Fresno State University 0 |
| TOP OF THE 2ND |
|
University of North Carolina at Chapel Hill Tar Heels batting - Pitching for Fresno State University Bulldogs : RHP Dave Heck
|
|
Batting: RHB Mike Machalek
|
0-0: Ball 1-0: Hit by Pitch
|
|
Batting: LHB Roberto Lopez
|
0-0: Ball 1-0: Called Strike Mike Machalek steals 2nd base 1-1: SINGLE (Groundball, 4MD, EV 105.6 MPH) Mike Machalek to third
|
|
Batting: SHB Jim Saxon
|
0-0: Ball 1-0: Called Strike 1-1: Ball 2-1: Foul Ball, location: 2F 2-2: Fly out, F5 (Popup, 5SF, EV 83.1 MPH)
|
|
Batting: RHB Tony Jennings
|
0-0: Foul Ball, location: 2F 0-1: Called Strike 0-2: Fly out, F9 (Flyball, 9S, EV 81.2 MPH)
|
|
Batting: RHB Brandon Wilson
|
0-0: Ground out 5-3 (Groundball, 5S, EV 85.0 MPH)
|
| Top of the 2nd over - 0 runs, 1 hit, 0 errors, 2 left on base; University of North Carolina at Chapel Hill 0 - Fresno State University 0 |
| BOTTOM OF THE 2ND |
|
Fresno State University Bulldogs batting - Pitching for University of North Carolina at Chapel Hill Tar Heels : LHP Fiorello Turrini
|
|
Batting: RHB Tony Nowak
|
0-0: Ball 1-0: Called Strike 1-1: Called Strike 1-2: Foul Ball, location: 2F 1-2: Strikes out swinging, 2-3 out at first.
|
|
Batting: RHB Ryan Roberts
|
0-0: Ball 1-0: Foul Ball, location: 2F 1-1: Fly out, F8 (Flyball, 8RD, EV 88.1 MPH)
|
|
Batting: RHB Sinfronio Carreon
|
0-0: Called Strike 0-1: Foul Ball, location: 2F 0-2: Ball 1-2: Strikes out looking
|
| Bottom of the 2nd over - 0 runs, 0 hits, 0 errors, 0 left on base; University of North Carolina at Chapel Hill 0 - Fresno State University 0 |
| TOP OF THE 3RD |
|
University of North Carolina at Chapel Hill Tar Heels batting - Pitching for Fresno State University Bulldogs : RHP Dave Heck
|
|
Batting: RHB Brian Brower
|
0-0: Fly out, F4 (Popup, 4, EV 71.9 MPH)
|
|
Batting: LHB Juan Alvarado
|
0-0: Called Strike 0-1: Swinging Strike 0-2: Fly out, F7 (Flyball, 7LS, EV 80.6 MPH)
|
|
Batting: LHB Chris Robertson
|
0-0: Ball 1-0: Called Strike 1-1: Ball 2-1: SINGLE (Groundball, 6, EV 98.8 MPH)
|
|
Batting: RHB Michael Houseman
|
0-0: Ball 1-0: Called Strike 1-1: Called Strike 1-2: Ball 2-2: Ball 3-2: 2-RUN HOME RUN (Line Drive, 7D, EV 99.4 MPH), Distance : 365 ft
|
|
Batting: RHB Mike Machalek
|
0-0: Ball 1-0: Ball 2-0: Fly out, F9 (Flyball, 89D, EV 103.8 MPH)
|
| Top of the 3rd over - 2 runs, 2 hits, 0 errors, 0 left on base; University of North Carolina at Chapel Hill 2 - Fresno State University 0 |
| BOTTOM OF THE 3RD |
|
Fresno State University Bulldogs batting - Pitching for University of North Carolina at Chapel Hill Tar Heels : LHP Fiorello Turrini
|
|
Batting: RHB Greg Meyer
|
0-0: Ball 1-0: Called Strike 1-1: Called Strike 1-2: SINGLE (Flyball, 9LS, EV 97.5 MPH)
|
|
Batting: LHB Moktar Ame
|
0-0: Ball 1-0: Ball Greg Meyer is caught stealing 2nd base 2-6 2-0: Ground out 4-3 (Groundball, 4MD, EV 80.0 MPH)
|
|
Batting: RHB Sandy Munoz
|
0-0: Foul Ball, location: 2F 0-1: Ball 1-1: Swinging Strike 1-2: Ball 2-2: Ball 3-2: Ground out 4-3 (Groundball, 4, EV 83.8 MPH)
|
| Bottom of the 3rd over - 0 runs, 1 hit, 0 errors, 0 left on base; University of North Carolina at Chapel Hill 2 - Fresno State University 0 |
| TOP OF THE 4TH |
|
University of North Carolina at Chapel Hill Tar Heels batting - Pitching for Fresno State University Bulldogs : RHP Dave Heck
|
|
Batting: LHB Roberto Lopez
|
0-0: Called Strike 0-1: Swinging Strike 0-2: Ball 1-2: Strikes out swinging
|
|
Batting: SHB Jim Saxon
|
0-0: Ball 1-0: Fly out, F8 (Flyball, 8LD, EV 99.4 MPH)
|
|
Batting: RHB Tony Jennings
|
0-0: Called Strike 0-1: Swinging Strike 0-2: Ball 1-2: Ball 2-2: Foul Ball, location: 2F 2-2: Strikes out swinging
|
| Top of the 4th over - 0 runs, 0 hits, 0 errors, 0 left on base; University of North Carolina at Chapel Hill 2 - Fresno State University 0 |
| BOTTOM OF THE 4TH |
|
Fresno State University Bulldogs batting - Pitching for University of North Carolina at Chapel Hill Tar Heels : LHP Fiorello Turrini
|
|
Batting: SHB Carlton Stannard
|
0-0: Ball 1-0: Foul Ball, location: 2F 1-1: Foul Ball, location: 2F 1-2: SINGLE (Line Drive, 8RS, EV 104.4 MPH)
|
|
Batting: RHB Danilo Baldia
|
0-0: Grounds into double play, 6-4-3 (Groundball, 6S, EV 81.9 MPH)
|
|
Batting: LHB Ollie Strauss
|
0-0: Ball 1-0: Foul Ball, location: 2F 1-1: Foul Ball, location: 2F 1-2: Ground out 5-3 (Groundball, 56S, EV 90.0 MPH)
|
| Bottom of the 4th over - 0 runs, 1 hit, 0 errors, 0 left on base; University of North Carolina at Chapel Hill 2 - Fresno State University 0 |
| TOP OF THE 5TH |
|
University of North Carolina at Chapel Hill Tar Heels batting - Pitching for Fresno State University Bulldogs : RHP Dave Heck
|
|
Batting: RHB Brandon Wilson
|
0-0: Ball 1-0: Called Strike 1-1: Ball 2-1: Ball 3-1: Called Strike 3-2: Base on Balls
|
|
Batting: RHB Brian Brower
|
0-0: Called Strike 0-1: Called Strike 0-2: Strikes out swinging
|
|
Batting: LHB Juan Alvarado
|
0-0: Swinging Strike 0-1: Called Strike 0-2: Fly out, F8 (Flyball, 8LS, EV 96.2 MPH)
|
|
Batting: LHB Chris Robertson
|
0-0: Ball 1-0: Swinging Strike 1-1: Ball 2-1: Foul Ball, location: 2F 2-2: Ground out U3 (Groundball, 3, EV 97.5 MPH)
|
| Top of the 5th over - 0 runs, 0 hits, 0 errors, 1 left on base; University of North Carolina at Chapel Hill 2 - Fresno State University 0 |
| BOTTOM OF THE 5TH |
|
Fresno State University Bulldogs batting - Pitching for University of North Carolina at Chapel Hill Tar Heels : LHP Fiorello Turrini
|
|
Batting: RHB Tony Nowak
|
0-0: Ball 1-0: Foul Ball, location: 2F 1-1: DOUBLE (Flyball, 8RXD, EV 106.2 MPH)
|
|
Batting: RHB Ryan Roberts
|
0-0: Ball 1-0: Ground out 4-3 (Groundball, 4, EV 85.6 MPH) Tony Nowak to third
|
|
Batting: RHB Sinfronio Carreon
|
0-0: Ball 1-0: Called Strike Steal of home, Tony Nowak is safe 1-1: Ball 2-1: Swinging Strike 2-2: Ball 3-2: Strikes out swinging
|
|
Batting: RHB Greg Meyer
|
0-0: Foul Ball, location: 2F 0-1: Fly out, F9 (Flyball, 89M, EV 90.6 MPH)
|
| Bottom of the 5th over - 1 run, 1 hit, 0 errors, 0 left on base; University of North Carolina at Chapel Hill 2 - Fresno State University 1 |
| TOP OF THE 6TH |
|
University of North Carolina at Chapel Hill Tar Heels batting - Pitching for Fresno State University Bulldogs : RHP Dave Heck
|
|
Batting: RHB Michael Houseman
|
0-0: DOUBLE (Line Drive, 9LM, EV 100.0 MPH)
|
|
Batting: RHB Mike Machalek
|
0-0: Ball 1-0: Called Strike 1-1: Ground out 6-3 (Groundball, 6, EV 86.9 MPH)
|
|
Batting: LHB Roberto Lopez
|
0-0: Ground out 1-3 (Groundball, 13S, EV 70.0 MPH) Michael Houseman to third
|
|
Batting: SHB Jim Saxon
|
0-0: Called Strike 0-1: Ball 1-1: Foul Ball, location: 2F 1-2: Ground out 4-3 (Groundball, 4, EV 81.2 MPH)
|
| Top of the 6th over - 0 runs, 1 hit, 0 errors, 1 left on base; University of North Carolina at Chapel Hill 2 - Fresno State University 1 |
| BOTTOM OF THE 6TH |
|
Fresno State University Bulldogs batting - Pitching for University of North Carolina at Chapel Hill Tar Heels : LHP Fiorello Turrini
|
|
Batting: LHB Moktar Ame
|
0-0: Called Strike 0-1: Ball 1-1: Swinging Strike 1-2: Ground out 4-3 (Groundball, 4, EV 98.8 MPH)
|
|
Batting: RHB Sandy Munoz
|
0-0: Swinging Strike 0-1: Called Strike 0-2: Strikes out swinging
|
|
Batting: SHB Carlton Stannard
|
0-0: Ball 1-0: Ball 2-0: Called Strike 2-1: Called Strike 2-2: Fly out, F9 (Flyball, 9, EV 90.6 MPH)
|
| Bottom of the 6th over - 0 runs, 0 hits, 0 errors, 0 left on base; University of North Carolina at Chapel Hill 2 - Fresno State University 1 |
| TOP OF THE 7TH |
|
University of North Carolina at Chapel Hill Tar Heels batting - Pitching for Fresno State University Bulldogs : RHP Dave Heck
|
|
Pitching: RHP Oscar Zetino
|
|
|
Batting: RHB Tony Jennings
|
0-0: Called Strike 0-1: Swinging Strike 0-2: Fly out, F8 (Flyball, 8LD, EV 99.4 MPH)
|
|
Batting: RHB Brandon Wilson
|
0-0: Swinging Strike 0-1: Ball 1-1: Foul Ball, location: 2F 1-2: Foul Ball, location: 2F 1-2: Foul Ball, location: 2F 1-2: Strikes out looking
|
|
Batting: RHB Brian Brower
|
0-0: Ball 1-0: Called Strike 1-1: Fly out, F6 (Popup, 5D, EV 47.5 MPH)
|
| Top of the 7th over - 0 runs, 0 hits, 0 errors, 0 left on base; University of North Carolina at Chapel Hill 2 - Fresno State University 1 |
| BOTTOM OF THE 7TH |
|
Fresno State University Bulldogs batting - Pitching for University of North Carolina at Chapel Hill Tar Heels : LHP Fiorello Turrini
|
|
Batting: RHB Danilo Baldia
|
0-0: Ball 1-0: Foul Ball, location: 2F 1-1: Foul Ball, location: 2F 1-2: Ball 2-2: Foul Ball, location: 2F 2-2: Strikes out swinging
|
|
Batting: LHB Ollie Strauss
|
0-0: Ball 1-0: SINGLE (Line Drive, 5D, EV 101.9 MPH)
|
|
Batting: RHB Tony Nowak
|
0-0: Ball 1-0: Foul Ball, location: 2F 1-1: Ground out 4-3 (Groundball, 4M, EV 97.5 MPH) Ollie Strauss to second
|
|
Pitching: RHP Jason Kaelber
|
|
|
Batting: RHB Ryan Roberts
|
0-0: Ball Wild Pitch! Ollie Strauss to third 1-0: Called Strike 1-1: Foul Ball, location: 2F 1-2: Foul Ball, location: 2F 1-2: Fly out, F8 (Flyball, 8LM, EV 78.8 MPH)
|
| Bottom of the 7th over - 0 runs, 1 hit, 0 errors, 1 left on base; University of North Carolina at Chapel Hill 2 - Fresno State University 1 |
| TOP OF THE 8TH |
|
University of North Carolina at Chapel Hill Tar Heels batting - Pitching for Fresno State University Bulldogs : RHP Oscar Zetino
|
|
Batting: LHB Juan Alvarado
|
0-0: Called Strike 0-1: Fly out, F7 (Flyball, 7, EV 78.8 MPH)
|
|
Pitching: LHP Denis van de Kolk
|
|
|
Batting: LHB Chris Robertson
|
0-0: Ball 1-0: Ball 2-0: Ball 3-0: Base on Balls
|
|
Pitching: RHP Antonio Levario
|
|
|
Batting: RHB Michael Houseman
|
0-0: Called Strike Chris Robertson is caught stealing 2nd base 2-4 0-1: Foul Ball, location: 2F 0-2: Foul Ball, location: 2F 0-2: Ball 1-2: Foul Ball, location: 2F 1-2: SOLO HOME RUN (Flyball, 89XD, EV 96.9 MPH), Distance : 387 ft
|
|
Batting: RHB Mike Machalek
|
0-0: Foul Ball, location: 2F 0-1: Ball 1-1: Foul Ball, location: 2F 1-2: Ball 2-2: Strikes out looking
|
| Top of the 8th over - 1 run, 1 hit, 0 errors, 0 left on base; University of North Carolina at Chapel Hill 3 - Fresno State University 1 |
| BOTTOM OF THE 8TH |
|
Fresno State University Bulldogs batting - Pitching for University of North Carolina at Chapel Hill Tar Heels : RHP Jason Kaelber
|
|
Batting: RHB Sinfronio Carreon
|
0-0: Foul Ball, location: 2F 0-1: Swinging Strike 0-2: Ball 1-2: Strikes out swinging
|
|
Pinch Hitting: LHB Brad Benanti
|
0-0: Foul Ball, location: 2F 0-1: Swinging Strike 0-2: Strikes out swinging
|
|
Batting: LHB Moktar Ame
|
0-0: Ball 1-0: Foul Ball, location: 2F 1-1: Ball 2-1: Ball 3-1: Ground out 6-3 (Groundball, 6, EV 78.8 MPH)
|
| Bottom of the 8th over - 0 runs, 0 hits, 0 errors, 0 left on base; University of North Carolina at Chapel Hill 3 - Fresno State University 1 |
| TOP OF THE 9TH |
|
University of North Carolina at Chapel Hill Tar Heels batting - Pitching for Fresno State University Bulldogs : RHP Antonio Levario
|
|
Pitching: RHP Alex Gutierrez
|
|
|
Now at 3B: Brad Benanti
|
|
|
Batting: LHB Roberto Lopez
|
0-0: Called Strike 0-1: Swinging Strike 0-2: Ball 1-2: Ball 2-2: Ball 3-2: Fly out, F8 (Flyball, 8RM, EV 82.5 MPH)
|
|
Batting: SHB Jim Saxon
|
0-0: Ball 1-0: Ball 2-0: Called Strike 2-1: Fly out, F5 (Popup, 5F, EV 62.5 MPH)
|
|
Batting: RHB Tony Jennings
|
0-0: Ball 1-0: Ball 2-0: Foul Ball, location: 2F 2-1: Ball 3-1: Called Strike 3-2: Foul Ball, location: 2F 3-2: Strikes out swinging
|
| Top of the 9th over - 0 runs, 0 hits, 0 errors, 0 left on base; University of North Carolina at Chapel Hill 3 - Fresno State University 1 |
| BOTTOM OF THE 9TH |
|
Fresno State University Bulldogs batting - Pitching for University of North Carolina at Chapel Hill Tar Heels : RHP Jason Kaelber
|
|
Pitching: RHP Herb Bickford
|
|
|
Batting: RHB Sandy Munoz
|
0-0: Ground out U3 (Groundball, 34, EV 101.9 MPH)
|
|
Batting: SHB Carlton Stannard
|
0-0: Ball 1-0: Called Strike 1-1: Hit by Pitch
|
|
Pinch Hitting: LHB Abraham Batista
|
0-0: Grounds into double play, 6-4-3 (Groundball, 6, EV 88.1 MPH)
|
| Bottom of the 9th over - 0 runs, 0 hits, 0 errors, 0 left on base; University of North Carolina at Chapel Hill 3 - Fresno State University 1 |
|